 Dungeon Crawl Stone Soup version 0.26.1-11-gd32895ea62 (webtiles) character file.

Game seed: 12773238937715051221

103 tardwrangler69 the Digger (level 4, 0/33 HPs)
             Began as a Draconian Earth Elementalist on Apr 12, 2021.
             Slain by a quokka (5 damage)
             ... on level 2 of the Dungeon.
             The game lasted 00:02:05 (1895 turns).

tardwrangler69 the Digger (DrEE)                    Turns: 1895, Time: 00:02:05

Health: 0/33       AC:  5    Str: 11    XL:     4   Next: 51%
Magic:  5/8        EV: 11    Int: 16    God:
Gold:   95         SH:  3    Dex: 11    Spells: 7/8 levels left

rFire    . . .     SeeInvis .   d - +0 dagger
rCold    . . .     Faith    .   l - +0 buckler
rNeg     . . .     Spirit   .   (armour unavailable)
rPois    .         Reflect  .   (helmet restricted)
rElec    .         Harm     .   (no cloak)
rCorr    .         Rampage  .   (no gloves)
Will     .....                  (no boots)
Stlth    ++........             (no amulet)
HPRegen  0.11/turn              (no ring)
MPRegen  0.11/turn              (no ring)

@: no status effects
A: unfitting armour, cold-blooded, AC +5
a: no special abilities


You were on level 2 of the Dungeon.
You visited 1 branch of the dungeon, and saw 2 of its levels.

You collected 95 gold pieces.

Inventory:

Hand Weapons
 d - a +0 dagger (weapon)
Missiles
 b - 70 stones
Armour
 l - a +0 buckler (worn)
Scrolls
 a - a scroll of noise {unknown}
 e - 2 scrolls of identify {unknown}
 g - a scroll of remove curse {unknown}
 j - a scroll of teleportation {unknown}
Potions
 c - a potion of might
 i - a potion of brilliance {unknown}
 k - a potion of curing {unknown}


   Skills:
 - Level 1.7 Dodging
 - Level 1.7 Stealth
 + Level 1.3 Shields
 + Level 2.8 Spellcasting
 - Level 1.0 Transmutations
 * Level 4.5 Earth Magic


You had 7 spell levels left.
You knew the following spells:

 Your Spells              Type           Power        Failure   Level
a - Sandblast             Erth           32%          4%          1

Your spell library contained the following spells:

 Spells                   Type           Power        Failure   Level
 Passwall                 Tmut/Erth      9%           13%         2
 Stone Arrow              Conj/Erth      18%          32%         3
 Petrify                  Tmut/Erth      11%          65%         4
 Lee's Rapid Deconstruct  Erth           8%           75%         5


Dungeon Overview and Level Annotations

Branches:
Dungeon (2/15)

Altars:
Yredelemnul


Innate Abilities, Weirdness & Mutations

Your plain brown scales are hard. (AC +5)
You cannot fit into any form of body armour.
You are cold-blooded and may be slowed by cold attacks.


Message History

A quokka is nearby!
A quokka is nearby!
A quokka is nearby!
You are too injured to fight recklessly!
You are too injured to fight recklessly!
Casting: Sandblast (safe; 4% risk of failure)
Confirm with . or Enter, or press ? or * to list all spells.
Aiming: Sandblast (safe; 4% risk of failure)
Press: ? - help, Shift-Dir - straight line, f - quokka
Aim: a quokka (wandering, hasn't noticed you, 29% to evade)
The blast of sand misses the quokka.
You are too injured to fight recklessly!
You hit the quokka.
The quokka is severely wounded.
The quokka bites you.
* * * LOW HITPOINT WARNING * * *
You hit the quokka but do no damage.
The quokka is severely wounded.
The quokka bites you.
You die...

#......................#
#.##.........####.##.###
# #.........# #..#....
#.........#####.#....
.....#.#.........#....
#######.###########..#.
................ #..##
..####r...#$..## #.
#@...# .# # #....# .
#(...†...## #....#...#
#....#..?# #... #..##
#.## #..# ?.. ..## ..
.##


You could see a quokka.

Vanquished Creatures
  A howler monkey (D:2)
  4 adders
  2 dart slugs (D:1)
  2 leopard geckos (D:1)
  A giant cockroach (D:1)
  2 goblins (D:1)
  2 hobgoblins (D:2)
  5 bats
  A frilled lizard (D:2)
  4 kobolds
  3 rats
27 creatures vanquished.

Notes
Turn   | Place    | Note
-------+----------+-------------------------------------------
     0 | D:1      | tardwrangler69 the Draconian Earth Elementalist began the
                  | quest for the Orb.
     0 | D:1      | Reached XP level 1. HP: 14/14 MP: 3/3
   251 | D:1      | Reached XP level 2. HP: 10/20 MP: 3/5
  1337 | D:1      | Reached XP level 3. HP: 15/26 MP: 0/6
  1348 | D:1      | HP: 1/26 [adder (1)]
  1446 | D:2      | Reached skill level 4 in Earth Magic
  1704 | D:2      | Found a faded altar of an unknown god.
  1780 | D:2      | Found a basalt altar of Yredelemnul.
  1855 | D:2      | Reached skill level 1 in Shields
  1862 | D:2      | Reached XP level 4. HP: 10/33 MP: 2/8
  1895 | D:2      | Slain by a quokka

Illustrated notes

Levels and vault maps discovered:
D:1:      mrwooster_arrival_statue, layout_loops_ring
D:2:      minmay_recursive_quarters, layout_basic, lemuel_crystal_altar,
          chequers_ecumenical_altar_simple

Skill      XL: |  1  2  3 |
---------------+----------+-----
Earth Magic    | 4 |  4.5
Shields        | 1 |  1.3
Dodging        | |  1.7
Stealth        | |  1.7
Spellcasting   | |  2.8
Transmutations | |  1.0

Action                   |  1- 3 |  4- 6 || total
-------------------------+-------+-------++-------
Melee: Dagger            |   100 |     2 ||   102
       Unarmed           |     3 |       ||     3
       Tailslap          |     8 |       ||     8
 Cast: Sandblast         |    16 |     1 ||    17
  Use: Potion            |     4 |       ||     4
 Stab: Sleeping          |     3 |       ||     3
       Invisible         |     1 |       ||     1
Armor: Skin              |    41 |       ||    41
Dodge: Dodged            |    93 |       ||    93
Block: Buckler           |    10 |       ||    10
